 Dungeon Crawl Stone Soup version 0.18-b1-16-g289874d (webtiles) character file.

261 Peloso the Shield-Bearer (level 5, 0/48 HPs)
             Began as a Minotaur Fighter on May 1, 2016.
             Was an Initiate of Okawaru.
             Slain by Pikel
             ... wielding a +1 whip of electrocution
              (4 damage)
             ... on level 4 of the Dungeon.
             The game lasted 00:11:04 (2816 turns).

Peloso the Shield-Bearer (Minotaur Fighter)         Turns: 2816, Time: 00:11:05

Health: 0/48       AC: 10    Str: 21    XL:     5   Next: 96%
Magic:  4/4        EV:  6    Int:  5    God:    Okawaru [......]
Gold:   127        SH: 10    Dex: 10    Spells: 0 memorised, 4 levels left

rFire  . . .     SeeInvis .     a - +0 long sword
rCold  . . .     Gourm    .     j - +0 chain mail
rNeg   . . .     Faith    .     c - +0 shield
rPois  .         Spirit   .     (helmet restricted)
rElec  .         Dismiss  .     n - +0 cloak
rCorr  .         Reflect  .     (no gloves)
SustAt .         Harm     .     (no boots)
MR     .....                    (no amulet)
Stlth  ..........               (no ring)
                                (no ring)

@: not resistant to hostile enchantments, extremely unstealthy
A: retaliatory headbutt, horns 2
a: Renounce Religion


You were on level 4 of the Dungeon.
You worshipped Okawaru.
Okawaru was noncommittal.
You were hungry.

You visited 1 branch of the dungeon, and saw 4 of its levels.

You collected 127 gold pieces.

Inventory:

Hand Weapons
 a - a +0 long sword (weapon)
 q - a +2 whip of flaming
Armour
 b - a +0 scale mail
 c - a +0 shield (worn)
 j - a +0 chain mail (worn)
 m - a +0 pair of boots
 n - a +0 cloak (worn)
Wands
 o - a wand of iceblast (5/15)
 s - a wand of flame (37/48)
 v - a wand of iceblast (2/15)
Scrolls
 w - a scroll of magic mapping {unknown}
 x - a scroll of amnesia
 y - a scroll of identify {unknown}
Potions
 d - 2 potions of might
 e - a potion of brilliance {unknown}
 h - a potion of magic {unknown}
 i - a potion of cancellation {unknown}
 k - 2 potions of degeneration {unknown}
 l - 2 potions of haste {unknown}
 p - 2 potions of lignification {unknown}
 r - 3 potions of flight {unknown}
 t - a potion of ambrosia {unknown}
Comestibles
 f - a bread ration
 g - 2 meat rations
 u - a beef jerky
 z - 13 chunks of flesh


   Skills:
 + Level 5.0 Fighting
 + Level 3.8 Long Blades
 + Level 4.8 Armour
 + Level 1.0 Dodging
 + Level 0.5 Stealth
 + Level 5.4 Shields


You had 4 spell levels left.
You didn't know any spells.

Dungeon Overview and Level Annotations

Branches:
Dungeon (4/15)             Temple (0/1) D:4

Altars:
Okawaru
Pakellas
Sif Muna
Trog
Vehumet

Annotations:
D:4 Pikel


Innate Abilities, Weirdness & Mutations

You reflexively headbutt those who attack you in melee.
You have a pair of horns on your head.


Message History

You headbutt Pikel, but do no damage.
Pikel is almost dead.
You block Pikel's attack. Pikel barely misses you.
Your shield and chain mail prevent you from hitting Pikel.
Pikel is severely wounded.
You block Pikel's attack.
You hit Pikel but do no damage. You headbutt Pikel.
Pikel is almost dead.
Pikel hits you but does no damage.
You are electrocuted!
* * * LOW HITPOINT WARNING * * *
Your shield and chain mail prevent you from hitting Pikel.
Pikel is almost dead.
Pikel hits you but does no damage.
You hit Pikel but do no damage. Your headbutt misses Pikel.
Pikel is almost dead.
You block Pikel's attack. Pikel closely misses you.
You closely miss Pikel.
Pikel is almost dead.
Pikel hits you with a whip of electrocution.
You die...

##.# #.....#
#.# #######
#.# #.# #.#
#.# #.#
#.######p#.#
#...@Kppp..#
########....
#


You could see Pikel and 4 slaves.

Vanquished Creatures
  An orc wizard (D:4)
  An orc priest (D:4)
  Ijyb (D:3)
  A worker ant (D:4)
  4 gnolls (D:2)
  2 adders
  2 worms
  A dart slug (D:3)
  4 giant geckos
  6 orcs
  4 giant cockroaches
  11 goblins
  8 hobgoblins
  A jackal (D:1)
  7 kobolds
  3 quokkas
  3 ball pythons
  9 bats
  4 giant newts
  A jackal skeleton (D:4)
  A quokka skeleton (D:4)
  8 rats
83 creatures vanquished.

Notes
Turn   | Place    | Note
--------------------------------------------------------------
     0 | D:1      | Peloso the Minotaur Fighter began the quest for the Orb.
     0 | D:1      | Reached XP level 1. HP: 19/19 MP: 0/0
   257 | D:1      | Reached XP level 2. HP: 25/27 MP: 1/1
   966 | D:2      | Reached XP level 3. HP: 31/33 MP: 2/2
  1115 | D:2      | Reached XP level 4. HP: 24/41 MP: 3/3
  1151 | D:2      | Found a radiant altar of Vehumet.
  1151 | D:2      | Found an iron altar of Okawaru.
  1173 | D:2      | Found a deep blue altar of Sif Muna.
  1173 | D:2      | Found a bloodstained altar of Trog.
  1368 | D:2      | Found a deep blue altar of Sif Muna.
  1519 | D:2      | Became a worshipper of Warmaster Okawaru
  1725 | D:3      | Found an oddly glowing altar of Pakellas.
  1852 | D:3      | Reached skill level 1 in Dodging
  2002 | D:3      | Noticed Ijyb
  2005 | D:3      | Paralysed by Ijyb for 2 turns
  2014 | D:3      | Paralysed by Ijyb for 4 turns
  2021 | D:3      | Paralysed by Ijyb for 7 turns
  2037 | D:3      | Killed Ijyb
  2037 | D:3      | Reached XP level 5. HP: 26/47 MP: 4/4
  2638 | D:4      | Reached skill level 5 in Shields
  2703 | D:4      | Found a staircase to the Ecumenical Temple.
  2763 | D:4      | Reached skill level 5 in Fighting
  2792 | D:4      | Noticed a slave
  2793 | D:4      | Noticed a slave
  2793 | D:4      | Noticed a slave
  2794 | D:4      | Noticed Pikel
  2796 | D:4      | Noticed a slave
  2816 | D:4      | Slain by Pikel

Skill      XL: |  1  2  3  4  5 |
---------------+----------------+-----
Fighting       | 4 5 |  5.0
Armour         | 4 |  4.8
Shields        | 4 5 |  5.4
Long Blades    | 3 |  3.8
Dodging        | 1 |  1.0
Stealth        | |  0.5

Action                   |  1- 3 |  4- 6 || total
-------------------------+-------+-------++-------
Melee: Long sword        |    79 |   177 ||   256
       Headbutt          |    14 |    25 ||    39
  Use: Scroll            |       |     5 ||     5
  Eat: Chunk             |     1 |     5 ||     6
Armor: Scale mail        |    21 |       ||    21
       Chain mail        |    19 |    99 ||   118
Dodge: Dodged            |    18 |    36 ||    54
Block: Shield            |    41 |   100 ||   141
